 Dungeon Crawl Stone Soup version 0.21.0-24-g2553a33 (webtiles) character file.

282 tidbits the Charmwright (level 6, -5/50 HPs)
             Began as a Gnoll Skald on Jan 20, 2018.
             Was an Initiate of Cheibriados.
             Slain by a gnoll
             ... wielding a +0 spear
              (8 damage)
             ... on level 5 of the Dungeon.
             The game lasted 00:06:30 (528 turns).

tidbits the Charmwright (Gnoll Skald)                Turns: 528, Time: 00:06:31

Health: -5/50      AC:  3    Str: 15    XL:     6   Next: 28%
Magic:  2/12       EV: 15    Int: 18    God:    Cheibriados [......]
Gold:   86         SH:  0    Dex: 17    Spells: 4/15 levels left

rFire    . . .     SeeInvis .   a - +0 hand axe
rCold    . . .     Gourm    .   (no shield)
rNeg     . . .     Faith    .   b - +0 leather armour
rPois    .         Spirit   .   (no helmet)
rElec    .         Reflect  .   (no cloak)
rCorr    .         Harm     .   (no gloves)
MR       .....                  (no boots)
Stlth    ++........             (no amulet)
HPRegen  0.56/turn              (no ring)
MPRegen  0.13/turn              (no ring)

@: very slow
A: distributed training, fangs 1, agile 1, low mp 1, regeneration 1, screaming
1, strong nose
a: Bend Time, Renounce Religion


You were on level 5 of the Dungeon.
You worshipped Cheibriados.
Cheibriados was noncommittal.
You were not hungry.

You visited 1 branch of the dungeon, and saw 5 of its levels.

You collected 86 gold pieces.

Inventory:

Hand Weapons
 a - a +0 hand axe (weapon)
 e - a cursed -2 short sword
 g - a +0 dagger
Missiles
 f - 3 tomahawks (quivered)
Armour
 b - a +0 leather armour (worn)
Scrolls
 h - a scroll of random uselessness
Potions
 i - a potion of mutation {!q}
Books
 c - a book of Battle

   Spells                             Type                      Level
   a - Infusion                       Charms                       1
   b - Shroud of Golubria             Charms/Translocation         2
   c - Song of Slaying                Charms                       2
   d - Spectral Weapon                Hexes/Charms                 3
   e - Regeneration                   Charms/Necromancy            3
Comestibles
 d - 2 rations


   Skills:
 + Level 4.9 Fighting
 + Level 1.8 Short Blades
 + Level 1.8 Long Blades
 + Level 4.9 Axes
 + Level 1.8 Maces & Flails
 + Level 1.8 Polearms
 + Level 1.8 Staves
 + Level 1.8 Slings
 + Level 1.8 Bows
 + Level 1.8 Crossbows
 + Level 1.8 Throwing
 + Level 3.2 Armour
 + Level 4.9 Dodging
 + Level 1.8 Stealth
 + Level 1.8 Shields
 + Level 1.8 Unarmed Combat
 + Level 5.3 Spellcasting
 + Level 1.4 Conjurations
 + Level 1.4 Hexes
 + Level 5.6 Charms
 + Level 1.4 Summonings
 + Level 1.4 Necromancy
 + Level 1.4 Translocations
 + Level 1.4 Transmutations
 + Level 1.4 Fire Magic
 + Level 1.4 Ice Magic
 + Level 1.4 Air Magic
 + Level 1.4 Earth Magic
 + Level 1.4 Poison Magic
 + Level 2.0 Invocations
 + Level 1.8 Evocations


You had 4 spell levels left.
You knew the following spells:

 Your Spells              Type           Power        Failure   Level  Hunger
g - Shroud of Golubria    Chrm/Tloc      ###.......   5%          2    #......
i - Infusion              Chrm           ####         1%          1    None
r - Regeneration          Chrm/Necr      ###.......   11%         3    ##.....
w - Spectral Weapon       Hex/Chrm       ###.....     11%         3    ##.....
y - Song of Slaying       Chrm           ####....     2%          2    #......


Dungeon Overview and Level Annotations

Branches:
Dungeon (5/15)
 Temple: D:4-7

Altars:
Cheibriados
Elyvilon
Ru
Uskayaw

Annotations:
D:4 exclusion: ogre


Innate Abilities, Weirdness & Mutations

Your experience applies equally to all skills.
You have very sharp teeth.
Your uncanny sense of smell can sniff out nearby items.
You are agile. (Dex +2)
Your magical capacity is low. (-10% MP)
Your natural rate of healing is unusually fast.
You occasionally shout uncontrollably at your foes.


Message History

Unknown command.
You barely miss the howler monkey.
The howler monkey is moderately wounded.
You barely miss the centaur.
Your spectral weapon hits the howler monkey!
The howler monkey hits you. The centaur hits you with a shortbow!
* * * LOW HITPOINT WARNING * * *
The gnoll hits you but does no damage.
Unknown command.
You closely miss the howler monkey.
You bite the howler monkey, but do no damage.
The howler monkey is heavily wounded.
You barely miss the centaur. You hit the gnoll.
Your spectral weapon hits the howler monkey!
You kill the howler monkey!
Cheibriados thoroughly appreciates the change of pace.
Your Armour skill increases to level 3!
Your spectral weapon hits the gnoll.
The centaur barely misses you. The gnoll hits you.
* * * LOW HITPOINT WARNING * * *
The gnoll hits you but does no damage.
You bark at the gnoll!
A gnoll comes into view. It is wielding a spear.
You slash the ogre! Your bite misses the ogre.
The ogre is moderately wounded.
You hit the gnoll. You barely miss the centaur.
Your spectral weapon hits the ogre.
Your spectral weapon hits the gnoll.
You kill the gnoll!
Cheibriados appreciates the change of pace.
The centaur hits you with a shortbow.
* * * LOW HITPOINT WARNING * * *
The gnoll hits you from afar with a spear!
* * * LOW HITPOINT WARNING * * *
The ogre misses you.
The centaur hits you but does no damage.
Unknown command.
Okay, then.
Unknown command.
Unknown command.
Unknown command.
Unknown command.
Casting: Spectral Weapon
Confirm with . or Enter, or press ? or * to list all spells.
You don't know that spell.
Unknown command.
Unknown command.
Unknown command.
Unknown command.
Unknown command.
Unknown command.
Unknown command.
Unknown command.
Unknown command.
Replace inscription with what? !qiiiiiiiiiiiii i
Okay, then.
Unknown command.
You hit the ogre.
The ogre is heavily wounded.
You barely miss the centaur.
Your spectral weapon hits the ogre!
The centaur closely misses you. The gnoll closely misses you.
The ogre misses your spectral weapon.
You strike the helpless ogre from behind!
You hit the ogre but do no damage.
The ogre is almost dead.
You hit the centaur but do no damage.
Your spectral weapon hits the ogre.
The centaur hits you with a shortbow!
* * * LOW HITPOINT WARNING * * *
The gnoll closely misses you.
Okay, then.
You barely miss the ogre.
The ogre is almost dead.
You hit the centaur.
Your spectral weapon hits the ogre.
You kill the ogre!
Cheibriados appreciates the change of pace.
Your Invocations skill increases to level 2!
You have reached level 6!
Your experience leads to an increase in your attributes!
Your base attributes are Str 14, Int 16, Dex 14.
Increase (S)trength, (I)ntelligence, or (D)exterity?
You feel clever. The centaur barely misses you. The gnoll closely misses you.
The centaur hits you but does no damage.
Unknown command.
Okay, then.
Okay, then.
Okay, then.
You hit the centaur but do no damage.
The centaur is moderately wounded.
Your spectral weapon hits the centaur.
The centaur closely misses you. The gnoll closely misses you.
The gnoll hits you but does no damage.
Unknown command.
You hit the centaur.
The centaur is severely wounded.
Your spectral weapon hits the centaur!
The centaur misses you.
The gnoll hits you from afar with a spear.
* * * LOW HITPOINT WARNING * * *
The centaur closely misses you.
The gnoll hits you from afar with a spear!
You die...

##. ∆ ... .. ..
#. ######.
......c#####
#....(@†g.#
#.......g.###.#
+.....(..<'...#
#.........#####
#.........#
###+###
#.........#
#......
.).#########
#...... ##.
#...... +......


You could see a centaur, 2 gnolls and a friendly spectral hand axe.

Vanquished Creatures
  An ogre (D:5)
  2 howler monkeys
  A centaur skeleton (D:4)
  A worker ant (D:4)
  4 gnolls
  An adder (D:4)
  A worm (D:4)
  A dart slug (D:4)
  An orc (D:4)
  A giant cockroach (D:4)
  2 goblins
  5 hobgoblins
  A ball python (D:3)
  2 bats
  A kobold (D:2)
  A quokka zombie (D:4)
26 creatures vanquished.

Notes
Turn   | Place    | Note
-------+----------+-------------------------------------------
     0 | D:1      | tidbits the Gnoll Skald began the quest for the Orb.
     0 | D:1      | Reached XP level 1. HP: 20/20 MP: 6/6
    75 | D:2      | Reached XP level 2. HP: 21/26 MP: 1/7
   106 | D:2      | Noticed a dagger
   106 | D:2      | Noticed a hand axe
   109 | D:2      | Found a hide-covered altar of Uskayaw.
   221 | D:4      | Reached skill level 5 in Spellcasting
   221 | D:4      | Reached XP level 3. HP: 18/31 MP: 0/9
   225 | D:4      | Learned a level 2 spell: Song of Slaying
   228 | D:4      | Learned a level 2 spell: Shroud of Golubria
   232 | D:4      | Learned a level 3 spell: Regeneration
   236 | D:4      | Learned a level 3 spell: Spectral Weapon
   240 | D:4      | Reached skill level 1 in Invocations
   275 | D:4      | Gained mutation: Your magical capacity is low. (-10% MP) [potion of mutation]
   275 | D:4      | Gained mutation: You occasionally shout uncontrollably at your foes. [potion of mutation]
   275 | D:4      | Gained mutation: Your natural rate of healing is unusually fast. [potion of mutation]
   275 | D:4      | Gained mutation: You are agile. (Dex +2) [potion of mutation]
   275 | D:4      | Found a white marble altar of Elyvilon.
   304 | D:4      | Noticed an ogre
   380 | D:4      | Found a snail-covered altar of Cheibriados.
   385 | D:4      | Became a worshipper of Cheibriados the Contemplative
   393 | D:4      | Reached skill level 1 in Short Blades
   393 | D:4      | Reached skill level 1 in Long Blades
   393 | D:4      | Reached skill level 1 in Maces & Flails
   393 | D:4      | Reached skill level 1 in Polearms
   393 | D:4      | Reached skill level 1 in Staves
   393 | D:4      | Reached skill level 1 in Slings
   393 | D:4      | Reached skill level 1 in Bows
   393 | D:4      | Reached skill level 1 in Crossbows
   393 | D:4      | Reached skill level 1 in Throwing
   393 | D:4      | Reached skill level 1 in Stealth
   393 | D:4      | Reached skill level 1 in Shields
   393 | D:4      | Reached skill level 1 in Unarmed Combat
   393 | D:4      | Reached skill level 1 in Evocations
   393 | D:4      | Reached XP level 4. HP: 21/38 MP: 2/9
   413 | D:5      | Entered Level 5 of the Dungeon
   472 | D:4      | Reached skill level 1 in Conjurations
   472 | D:4      | Reached skill level 1 in Hexes
   472 | D:4      | Reached skill level 1 in Summonings
   472 | D:4      | Reached skill level 1 in Necromancy
   472 | D:4      | Reached skill level 1 in Translocations
   472 | D:4      | Reached skill level 1 in Transmutations
   472 | D:4      | Reached skill level 1 in Fire Magic
   472 | D:4      | Reached skill level 1 in Ice Magic
   472 | D:4      | Reached skill level 1 in Air Magic
   472 | D:4      | Reached skill level 1 in Earth Magic
   472 | D:4      | Reached skill level 1 in Poison Magic
   492 | D:4      | Reached XP level 5. HP: 24/43 MP: 3/11
   505 | D:4      | Found a sacrificial altar of Ru.
   516 | D:5      | Noticed a centaur
   519 | D:5      | Noticed an ogre
   522 | D:5      | Reached skill level 3 in Armour
   525 | D:5      | HP: 2/43 [centaur/shortbow (8)]
   526 | D:5      | Killed an ogre
   526 | D:5      | Reached skill level 2 in Invocations
   526 | D:5      | Reached XP level 6. HP: 3/50 MP: 2/12
   528 | D:5      | Slain by a gnoll

Skill      XL: |  1  2  3  4  5 |
---------------+----------------+-----
Spellcasting   | 5 |  5.3
Invocations    | 1 2 |  2.0
Short Blades   | 1 |  1.8
Long Blades    | 1 |  1.8
Maces & Flails | 1 |  1.8
Polearms       | 1 |  1.8
Staves         | 1 |  1.8
Slings         | 1 |  1.8
Bows           | 1 |  1.8
Crossbows      | 1 |  1.8
Throwing       | 1 |  1.8
Stealth        | 1 |  1.8
Shields        | 1 |  1.8
Unarmed Combat | 1 |  1.8
Evocations     | 1 |  1.8
Conjurations   | 1 |  1.4
Hexes          | 1 |  1.4
Summonings     | 1 |  1.4
Necromancy     | 1 |  1.4
Translocations | 1 |  1.4
Transmutations | 1 |  1.4
Fire Magic     | 1 |  1.4
Ice Magic      | 1 |  1.4
Air Magic      | 1 |  1.4
Earth Magic    | 1 |  1.4
Poison Magic   | 1 |  1.4
Armour         | 3 |  3.2
Fighting       | |  4.9
Axes           | |  4.9
Dodging        | |  4.9
Charms         | |  5.6

Action                   |  1- 3 |  4- 6 || total
-------------------------+-------+-------++-------
Melee: Hand axe          |    39 |    36 ||    75
       Bite              |     5 |     6 ||    11
 Cast: Infusion          |     7 |       ||     7
       Regeneration      |     2 |     3 ||     5
       Spectral Weapon   |     1 |     3 ||     4
  Use: Scroll            |     4 |       ||     4
       Potion            |     1 |       ||     1
 Stab: Distracted        |       |     1 ||     1
  Eat: Ration            |     1 |       ||     1
Armor: Leather armour    |     4 |     8 ||    12
Dodge: Dodged            |    25 |    34 ||    59

Table legend:
 A = Turns spent in this place as a percentage of turns spent in the entire game.
 B = Non-inter-level travel turns spent in this place as a percentage of non-inter-level travel turns spent in the entire game.
 C = Inter-level travel turns spent in this place as a percentage of turns spent in this place.
 D = Turns resting spent in this place as a percentage of non-inter-level travel turns spent in this place.
 E = Turns spent auto-exploring this place as a percentage of non-inter-level travel turns spent in this place.
 F = Non-inter-level travel turns spent in this place divided by the number of levels of this place that you've seen.
                   A       B       C       D       E      F
               +-------+-------+-------+-------+-------+----------------------
         Total | 100.0 | 100.0 |   0.0 |   0.0 |   0.0 | 105.6
       Dungeon | 100.0 | 100.0 |   0.0 |   0.0 |   0.0 | 105.6
               +-------+-------+-------+-------+-------+----------------------

Table legend:
 A = Kills in this place as a percentage of kills in entire the game.
 B = Kills by you in this place as a percentage of kills by you in the entire game.
 C = Kills by friends in this place as a percentage of kills by friends in the entire game.
 D = Other kills in this place as a percentage of other kills in the entire game.
 E = Experience gained in this place as a percentage of experience gained in the entire game.
 F = Experience gained in this place divided by the number of levels of this place that you have seen.
                   A       B       C       D       E      F
               +-------+-------+-------+-------+-------+----------------------
         Total | 100.0 | 100.0 |   N/A |   N/A | 100.0 |  80.6
       Dungeon | 100.0 | 100.0 |   N/A |   N/A | 100.0 |  80.6
               +-------+-------+-------+-------+-------+----------------------

Vault maps used:
D:1:      eino_arrival_cavern_d, minmay_tromino_v4_c
D:2:      cheibrodos_old_hovel, dancing_weapons_uskayaw, uniq_sigmund
D:3:      cheibrodos_pilgrimage, minmay_misc_feat_tiny,
          minmay_misc_feat_enclosed, roderic_roman_lattice
D:4:      kennysheep_ying_yang, nicolae_ru_great_annihilating_truth,
          kennysheep_slug_shrine
D:5:      grunt_temple_overflow_open, serial_shops, nicolae_shop_crystal,
          first_ration, kennysheep_decorative_pillar, uniq_eustachio,
          uniq_crazy_yiuf_cottage
